AoeStats
← Noroad

Scandinavia

510522390Analyzed
1v1 RM · 8h ago on Oct 1, 2026· 32m 45s· 2 players
Game mode
Random Map
Map size
Tiny (2 player)
Population
200
Speed
Normal
Resources
Standard
Victory
Conquest
Starting age
Dark Age
Ending age
Imperial Age
RankedLock teamsTeams togetherTeam positionsShared explorationLock speedFull tech treeHidden civsTurbo modeCheats
Victory
Defeat
🇨🇳 Danes · China
1428
+18
🇦🇷 Magyars · Argentina
1466
-18
Noroad
6:19 Loom
8:54 Feudal Age
9:22 Double-Bit Axe
15:03 Scale Mail Armor
20:13 Castle Age
18:45 Stone Mining
19:12 Horse Collar
19:37 Gold Mining
20:02 Forging
20:52 Wheelbarrow
20:21 Pikeman
21:39 Squires
23:25 Arson
24:54 Chain Mail Armor
26:50 Bow Saw
28:01 Iron Casting
_YuX_
5:57 Loom
6:28 Loom
8:47 Feudal Age
10:00 Double-Bit Axe
21:15 Castle Age
20:04 Scale Barding Armor
20:21 Bloodlines
21:14 Horse Collar
24:12 Chain Barding Armor
Connection lost

Rejoining the realm…

Still unreachable

The connection could not be restored.

Session expired

The server has moved on; the page needs a fresh start.